 Dungeon Crawl Stone Soup version 0.18-a0-1618-gf90497c (webtiles) character file.

27297 Geeful the Martial Artist (level 13, -3/85 HPs)
             Began as an Octopode Transmuter on Mar 22, 2016.
             Was a High Priest of Dithmenos.
             Slain by a catoblepas (27 damage)
             ... on level 6 of the Lair of Beasts on Mar 23, 2016.
             The game lasted 02:01:07 (19163 turns).

Geeful the Martial Artist (Octopode Transmuter)    Turns: 19163, Time: 02:01:08

Health: -3/85      AC:  5    Str:  9    XL:     13   Next: 31%
Magic:  23/24      EV: 23    Int: 21    God:    Dithmenos [*****.]
Gold:   1419       SH:  6    Dex: 22    Spells: 4 memorised, 16 levels left

rFire  . . .     SeeInvis +       - Unarmed
rCold  + . .     Gourm    .     e - +0 buckler
rNeg   + . .     Faith    .     b - +0 hat {MR+}
rPois  .         Spirit   .     I - amulet of regeneration
rElec  .         Dismiss  .     O - ring of protection from cold
rCorr  +         Reflect  .     W - +6 ring of intelligence
SustAt .         Harm     .     Z - +4 ring of dexterity
MR     +....                    P - ring of positive energy
Stlth  ++++++....               w - +4 ring of protection
                                B - ring of resist corrosion
                                U - ring of see invisible
                                V - ring of stealth

@: wreathed by umbra, somewhat resistant to hostile enchantments, very stealthy
A: almost no armour, amphibious, 8 rings, constrict 8, camouflage 1, gelatinous
body 1
a: Shadow Step, Shadow Form, Renounce Religion


You were on level 6 of the Lair of Beasts.
You worshipped Dithmenos.
Dithmenos was extremely pleased with you.
You were not hungry.

You visited 3 branches of the dungeon, and saw 17 of its levels.
You also visited: Labyrinth, Sewer and Volcano.

You collected 1419 gold pieces.

Inventory:

Hand Weapons
 x - a +6 blowgun
Missiles
 a - 230 arrows
 m - 3 throwing nets (quivered)
 K - 42 poisoned needles
Armour
 b - a +0 hat of magic resistance (worn)
 e - a +0 buckler (worn)
Magical Staves
 N - an uncursed staff of wizardry
Jewellery
 w - a +4 ring of protection (on tentacle)
 y - an uncursed amulet of rage
 B - a ring of resist corrosion (on tentacle)
 I - an amulet of regeneration (around mantle)
 M - an uncursed amulet of magic regeneration
 O - a ring of protection from cold (left tentacle)
 P - a ring of positive energy (on tentacle)
 U - a ring of see invisible (on tentacle)
 V - a ring of stealth (on tentacle)
 W - a +6 ring of intelligence (right tentacle)
 Z - a +4 ring of dexterity (on tentacle)
Wands
 d - a wand of confusion (1/48)
 g - a wand of confusion (14/48)
 u - a wand of slowing (17/48)
 v - a wand of slowing (28/48)
 z - a wand of digging (8/24)
 G - a wand of confusion (18/48)
 J - a wand of disintegration (17/24)
 L - a wand of lightning (1/15)
 R - a wand of hasting (6/9)
Scrolls
 i - 4 scrolls of remove curse
 l - a scroll of magic mapping
 n - 9 scrolls of teleportation
 q - 6 scrolls of fog
 t - 2 scrolls of blinking
Potions
 h - 4 potions of curing
 k - 4 potions of brilliance
 o - a potion of cure mutation
 p - 2 potions of lignification
 r - a potion of invisibility
 s - 3 potions of flight
 A - a potion of haste
 C - a potion of berserk rage
 D - a potion of cancellation {unknown}
 F - a potion of ambrosia {unknown}
Miscellaneous
 T - a plain deck of wonders
Comestibles
 c - 11 bread rations
 f - 13 meat rations
 j - 2 royal jellies
 H - 53 fruits
 S - 2 beef jerkies


   Skills:
 + Level 6.6 Fighting
 - Level 11.1 Dodging
 - Level 4.9 Shields
 + Level 12.3 Unarmed Combat
 + Level 7.5 Spellcasting
 - Level 10.3 Transmutations


You had 16 spell levels left.
You knew the following spells:

 Your Spells              Type           Power        Failure   Level  Hunger
a - Beastly Appendage     Trmt           ######       1%          1    None
b - Sticks to Snakes      Trmt           ######..     1%          2    None
c - Spider Form           Trmt/Pois      ####......   2%          3    None
d - Blade Hands           Trmt           ######....   3%          5    #####..


Dungeon Overview and Level Annotations

Branches:
Dungeon (10/15)            Temple (1/1) D:7            Lair (6/8) D:9
  Swamp (0/4) Lair:3       Spider (0/4) Lair:6          Orc (0/2) D:9
  Slime: Lair:6-8

Altars:
Ashenzari
Cheibriados
Dithmenos
Elyvilon
Fedhas
Gozag
Kikubaaqudgha
Makhleb
Nemelex Xobeh
Okawaru
Pakellas
Qazlal
Ru
Sif Muna
Trog
Vehumet
Xom
Yredelemnul
Zin
The Shining One

Shops:
D:8 (


Innate Abilities, Weirdness & Mutations

You cannot wear most types of armour.
You are amphibious.
You can wear up to eight rings at the same time.
You can use your tentacles to constrict eight enemies at once.
Your skin changes colour to match your surroundings (Stealth).
Your rubbery body absorbs attacks (AC +1).


Message History

You squeeze the catoblepas, but do no damage.
The catoblepas is moderately wounded.
Your shadow hits the catoblepas but does no damage.
You slash the catoblepas!
The catoblepas is heavily wounded.
Your shadow barely misses the catoblepas.
The catoblepas gores you!!
You hit the catoblepas.
You squeeze the catoblepas, but do no damage.
The catoblepas is heavily wounded.
The catoblepas barely misses you.
You slice the catoblepas!!
You squeeze the catoblepas, but do no damage.
The catoblepas is severely wounded.
The catoblepas breathes a plume of calcifying dust at you.
The blast of calcifying dust hits you!
* * * LOW HITPOINT WARNING * * *
Your tentacles revert to their normal proportions.
Your +0 buckler unmelds from your body.
The catoblepas gores you!!
You die...

#....##.........#.#....# #..##
##..##...........###..## #...##
#.###..........P.##P..# ##...#
##..##P.....##....#PP.####..P##
#..####.P#####..P.PPP...##...##
##...#.#..### ##................
#...###..P.(####............#...
#.##..##..PPP##.#Y§§§###...#.#..#
###..........>..@§P### ##.####...
#.#..#......#.#P§## #.####...
###.##....P####.§# #..##.#..
#..###.####..#§#######..###...
#.##....#####.§#..#.P.....P...
#..##....#.###.P.............P
#..#.#..##.##P.P.P##.........P
#..##....#...P..####........##
##.#.##.........#.###.......##


You could see a catoblepas.

Vanquished Creatures
  A minotaur (Lab)
  2 hydras
  A hill giant (D:10)
  The ghost of smazza the Destroyer, a novice TeFE of Vehumet (D:9)
  4 elephants (Lair:6)
  3 black mambas
  A gargoyle (Lab)
  A rime drake (Lair:5)
  5 spiny frogs
  4 komodo dragons
  A merfolk (D:10)
  Prince Ribbit (D:6)
  A two-headed ogre (D:8)
  20 blink frogs
  36 yaks
  Grum (D:8)
  A wyvern (Lair:6)
  A basilisk (Lair:5)
  3 hippogriffs
  A warg (D:9)
  6 water moccasins
  The ghost of smazza the Gusty, an amateur TeAE (D:4)
  7 porcupines
  An orc warrior (D:6)
  A sky beast (D:7)
  An ice beast (D:7)
  A wasp (Lair:6)
  A black bear (D:10)
  A phantom (D:5)
  A necrophage (D:7)
  3 ogres
  4 centaurs
  17 wolves
  13 crocodiles
  14 giant frogs
  4 scorpions
  6 killer bees
  A howler monkey (D:4)
  6 electric eels
  3 crimson imps
  2 lava snakes (Volcano)
  A giant frog zombie (D:5)
  2 centaur zombies (D:7)
  A jelly (D:8)
  A quasit (D:7)
  A centaur skeleton (D:5)
  5 hounds
  Crazy Yiuf (D:6)
  6 orc priests
  A gnoll shaman (D:3)
  8 orc wizards
  A giant frog skeleton (D:9)
  4 iguanas
  Ijyb (D:3)
  5 worker ants
  A hound zombie (D:9)
  13 adders
  16 gnolls
  46 river rats
  2 shadow imps (D:6)
  An ooze (D:4)
  An adder zombie (D:5)
  An adder skeleton (D:4)
  4 worms
  3 dart slugs
  2 giant geckos
  22 orcs
  7 bats
  8 giant cockroaches
  17 goblins
  8 hobgoblins
  14 jackals
  11 kobolds
  7 quokkas
  2 ball pythons
  A giant gecko skeleton (D:4)
  6 giant newts
  A quokka skeleton (D:4)
  A quokka zombie (D:4)
  3 rats
419 creatures vanquished.

Vanquished Creatures (collateral kills)
  A centaur skeleton (D:8)
  A gnoll (D:3)
  A jackal (D:10)
3 creatures vanquished.

Vanquished Creatures (others)
  2 fungi (Lair:3)
  A plant (Lair:2)
3 creatures vanquished.

Grand Total: 425 creatures vanquished

Notes
Turn   | Place    | Note
--------------------------------------------------------------
     0 | D:1      | Geeful the Octopode Transmuter began the quest for the Orb.
     0 | D:1      | Reached XP level 1. HP: 13/13 MP: 3/3
   433 | D:1      | Reached XP level 2. HP: 16/18 MP: 5/5
  1085 | D:2      | Reached XP level 3. HP: 23/23 MP: 6/6
  1329 | D:2      | Learned a level 2 spell: Sticks to Snakes
  1548 | D:2      | Found a basalt altar of Yredelemnul.
  2079 | D:3      | Found a glowing drain.
  2122 | Sewer    | Entered a sewer
  2292 | Sewer    | Noticed a crocodile
  2306 | Sewer    | Killed a crocodile
  2306 | Sewer    | Reached XP level 4. HP: 25/28 MP: 0/8
  2306 | Sewer    | Reached XP level 5. HP: 29/33 MP: 0/9
  2516 | Sewer    | Learned a level 3 spell: Spider Form
  2980 | D:3      | Noticed Ijyb
  3034 | D:3      | Killed Ijyb
  3034 | D:3      | Reached skill level 4 in Unarmed Combat
  3249 | D:3      | Found a sacrificial altar of Ru.
  3249 | D:3      | Found an opulent altar of Gozag.
  3249 | D:3      | Found a radiant altar of Vehumet.
  3352 | D:3      | Reached XP level 6. HP: 38/38 MP: 2/10
  4058 | D:4      | Found an iron altar of Okawaru.
  4181 | D:4      | Noticed smazza's ghost (amateur TeAE)
  4468 | D:4      | Reached XP level 7. HP: 28/43 MP: 6/12
  4792 | D:4      | Killed smazza's ghost
  4792 | D:4      | Reached skill level 5 in Unarmed Combat
  5521 | D:5      | Entered Level 5 of the Dungeon
  5665 | D:5      | Reached skill level 5 in Dodging
  5665 | D:5      | Reached XP level 8. HP: 48/48 MP: 11/14
  5684 | D:5      | Learned a level 5 spell: Blade Hands
  5860 | D:5      | Reached skill level 5 in Transmutations
  6236 | D:6      | Noticed Prince Ribbit
  6249 | D:6      | Killed Prince Ribbit
  6249 | D:6      | Reached skill level 6 in Unarmed Combat
  6338 | D:6      | Found a blossoming altar of Fedhas.
  6393 | D:6      | Noticed Crazy Yiuf
  6400 | D:6      | Killed Crazy Yiuf
  7065 | D:6      | Reached XP level 9. HP: 29/53 MP: 11/15
  7868 | D:7      | Reached skill level 7 in Unarmed Combat
  7883 | D:7      | Found a staircase to the Ecumenical Temple.
  7904 | Temple   | Entered the Ecumenical Temple
  7972 | Temple   | Became a worshipper of Dithmenos the Shadowed
  8075 | D:7      | Found a shattered altar of Ashenzari.
  9105 | D:8      | Noticed a two-headed ogre
  9122 | D:8      | Killed a two-headed ogre
  9158 | D:8      | Found Cenataor's Weapon Boutique.
  9477 | D:8      | Reached skill level 8 in Unarmed Combat
  9668 | D:8      | Noticed Grum
  9671 | D:8      | Reached * piety under Dithmenos
  9688 | D:8      | Killed Grum
  9688 | D:8      | Reached XP level 10. HP: 31/57 MP: 12/16
 10232 | D:9      | Found a staircase to the Lair.
 10489 | D:9      | Noticed smazza's ghost (novice TeFE)
 10826 | D:9      | Found a staircase to the Orcish Mines.
 10871 | D:9      | Found a burning altar of Makhleb.
 10871 | D:9      | Found a deep blue altar of Sif Muna.
 10871 | D:9      | Found a snail-covered altar of Cheibriados.
 10942 | D:9      | Reached skill level 9 in Unarmed Combat
 10964 | D:9      | Killed smazza's ghost
 11113 | D:9      | Reached ** piety under Dithmenos
 11516 | D:10     | Entered Level 10 of the Dungeon
 11742 | D:10     | Noticed a hill giant
 11753 | D:10     | Killed a hill giant
 11883 | D:10     | Got a twisted hand crossbow
 11884 | D:10     | Identified the +8 hand crossbow of Utung {flame, rC+ Int+2} (You found it on level 10 of the Dungeon)
 11965 | D:10     | Found an oddly glowing altar of Pakellas.
 12139 | D:10     | Upgraded the game from 0.18-a0-1610-g0a7c96e to 0.18-a0-1618-gf90497c
 12196 | Lair:1   | Entered Level 1 of the Lair of Beasts
 12259 | Lair:1   | Found a labyrinth entrance.
 12268 | Lab      | Entered a labyrinth
 12484 | Lab      | Noticed a gargoyle
 12497 | Lab      | Killed a gargoyle
 12497 | Lab      | Reached XP level 11. HP: 62/62 MP: 11/17
 12538 | Lab      | Noticed a minotaur
 12560 | Lab      | Killed a minotaur
 12560 | Lab      | Reached skill level 10 in Unarmed Combat
 12896 | Lair:1   | Identified a scroll of acquirement
 12960 | Lair:1   | Reached skill level 10 in Dodging
 12992 | Lair:1   | Reached skill level 10 in Transmutations
 13635 | Lair:2   | Reached *** piety under Dithmenos
 14007 | Lair:2   | Reached skill level 11 in Unarmed Combat
 14107 | Lair:2   | Reached XP level 12. HP: 52/71 MP: 13/19
 14367 | Lair:2   | Reached skill level 5 in Spellcasting
 15007 | Lair:3   | Noticed an eight-headed hydra
 15034 | Lair:3   | Found a staircase to the Swamp.
 15227 | Lair:3   | Killed an eight-headed hydra
 15395 | Lair:3   | Reached skill level 1 in Shields
 15588 | Lair:3   | Found a stormy altar of Qazlal.
 16376 | Lair:4   | Reached **** piety under Dithmenos
 16831 | Lair:5   | Found a dark tunnel.
 16836 | Volcano  | Entered a volcano
 17036 | Volcano  | Noticed Sixotanaka's ghost (journeyman DDEE)
 17053 | Volcano  | Noticed a centaur warrior
 17925 | Lair:5   | Reached skill level 5 in Fighting
 18037 | Lair:6   | Found a hole to the Spider Nest.
 18052 | Lair:6   | Reached XP level 13. HP: 81/81 MP: 23/23
 18253 | Lair:6   | Reached skill level 12 in Unarmed Combat
 18545 | Lair:6   | Reached ***** piety under Dithmenos
 19163 | Lair:6   | Slain by a catoblepas

Vault maps used:
D:1:      roderic_chinese_lattice_arrival, nrook_mini_backslash, hex_tiny
D:2:      yredelemnul_altar_generic
D:3:      kennysheep_the_goblin_king, gammafunk_temple_overflow_forgotten,
          gup_sewer_entry_glass
D:4:      forest_paths, okawaru_gym_becter
D:5:      first_bread, dk_vineyard_3
D:6:      st_stairs_5, eino_small_chamber_without_monster, fedhas_altar_4,
          uniq_crazy_yiuf_cottage, uniq_prince_ribbit1
D:7:      lemuel_coloured_pillars_altar, minmay_temple_entry_hall,
          kennysheep_diamond
D:8:      serial_shops, shop_coins, uniq_grum
D:9:      grunt_temple_overflow_diamond, dpeg_lair_monsters, david_orc_3
D:10:     hangedman_fish_farm, nicolae_benzene_ring, johnstein_pakellas_dig
Temple:   circular_temple_12
Lair:1:   lab_entry_generic, lemuel_fruit_tree
Lair:2:   serial_bayou_shore_b, grunt_megastairs_3, serial_bayou_shore_b,
          serial_bayou_shore_a, infiniplex_staircase_pool_2, lemuel_fruit_fields
Lair:3:   minmay_swamp_entry_eels, basic_altar, fungi_pond_lemuel, minivault_25,
          lemuel_fruit_fields
Lair:5:   enter_volcano_4, infiniplex_staircase_pool
Lair:6:   nicolae_spider_entry_non_spiders
Lab:      labyrinth_spiral, nicolae_lab_blocks, labyrinth_skeletal_remains
Sewer:    sewer_the_crocodile
Volcano:  volcano_lake

Skill      XL: |  1  2  3  4  5  6  7  8  9 10 11 12 13 |
---------------+----------------------------------------+-----
Dodging        | 3 4 5 6 7 9 10 11 | 11.1
Transmutations | 3 4 6 7 9 10 | 10.3
Spellcasting   | 3 4 6 7 |  7.5
Unarmed Combat | 4 5 6 8 9 11 12 | 12.3
Fighting       | 2 5 6 |  6.6
Shields        | 4 |  4.9

Action                   |  1- 3 |  4- 6 |  7- 9 | 10-12 | 13-15 || total
-------------------------+-------+-------+-------+-------+-------++-------
Melee: Unarmed           |    74 |   154 |   353 |   539 |   142 ||  1262
Throw: Throwing net      |       |     1 |       |       |       ||     1
 Cast: Beastly Appendage |     9 |     7 |    17 |     7 |       ||    40
       Sticks to Snakes  |     6 |     4 |     3 |    16 |       ||    29
       Spider Form       |       |    10 |    30 |    21 |     1 ||    62
       Blade Hands       |       |       |       |    42 |    14 ||    56
Evoke: Wand              |       |    10 |     6 |    25 |     3 ||    44
  Use: Potion            |     1 |       |       |     2 |       ||     3
       Scroll            |       |    11 |     2 |    25 |     1 ||    39
 Stab: Sleeping          |     5 |     5 |     7 |    12 |    13 ||    42
       Confused          |       |     2 |     3 |       |       ||     5
       Distracted        |       |       |       |     3 |       ||     3
  Eat: Chunk             |     4 |     9 |    19 |    37 |     8 ||    77
       Beef jerky        |       |       |       |     1 |       ||     1
       Royal jelly       |       |       |       |     1 |       ||     1
       Pizza             |       |       |       |     2 |       ||     2
